 Dungeon Crawl Stone Soup version 0.30-a0-743-gbfdf073431 (webtiles) character file.

Game seed: 4110678590758521139

16 tilp the Shield-Bearer (level 2, -3/26 HPs)
             Began as a Meteoran Fighter on Feb 6, 2023.
             Slain by a gnoll
             ... wielding a +3 halberd
              (16 damage)
             ... on level 2 of the Dungeon.
             The game lasted 00:00:44 (63 turns).

tilp the Shield-Bearer (Meteoran Fighter)             Turns: 63, Time: 00:00:45

Health: -3/26      AC:  7    Str: 17    XL:     2   Next: 94%
Magic:  3/3        EV:  9    Int:  9    God:
Gold:   0          SH:  5    Dex: 13    Spells: 1/1 levels left

rFire   . . .      SeeInvis .    a - +0 long sword
rCold   . . .      Faith    .    c - +0 buckler
rNeg    . . .      Spirit   .    b - +0 scale mail
rPois   .          Reflect  .    (no helmet)
rElec   .          Harm     .    (no cloak)
rCorr   .          Rampage  .    (no gloves)
Will    .....                    (no boots) Stlth
                                 (no amulet)
HPRegen 0.24/turn                (no ring)
MPRegen 0.08/turn                (no ring)

@: glowing
A: sense surroundings 1, otherworldly, glowing, explore regen
a: no special abilities


You were on level 2 of the Dungeon.
You visited 1 branch of the dungeon, and saw 2 of its levels.

Inventory:

Hand Weapons
 a - a +0 long sword (weapon)
Armour
 b - a +0 scale mail (worn)
 c - a +0 buckler (worn)
Scrolls
 e - a scroll of identify {unknown}
Potions
 d - a potion of might


   Skills:
 + Level 3.3 Fighting
 * Level 2.7 Long Blades
 + Level 3.7 Armour
 * Level 1.0 Dodging
 * Level 0.6 Stealth
 + Level 3.7 Shields


You had one spell level left.
You didn't know any spells.
Your spell library was empty.

Dungeon Overview and Level Annotations

Branches:
Dungeon (2/15) Zot: 1129

Altars:


Innate Abilities, Weirdness & Mutations

You passively map a small area around you.
You are easily found by Zot.
You glow in the dark.
You regain HP and MP as you explore.


Message History

You slide downwards.
The hatch slams shut behind you.
The endoplasm quivers.
The kobold shouts!
The gnoll shouts! x2
Found a scale mail.
Unknown command.
A frilled lizard comes into view.
The frilled lizard hisses angrily.
The gnoll attacks as you move away! The gnoll barely misses you.
The gnoll attacks as you move away! The gnoll hits you with a +0 whip.
You slash the gnoll!
The gnoll is severely wounded.
The gnoll hits you but does no damage.
The kobold hits the plant with a +0 whip.
The plant begins to die.
You hit the gnoll but do no damage.
The gnoll is severely wounded.
The kobold completely misses the plant.
The gnoll barely misses you. The gnoll hits you but does no damage.
You slash the gnoll!
You kill the gnoll!
The frilled lizard bites the plant.
The kobold hits you but does no damage.
Your Dodging skill increases to level 1!
You hit the kobold.
You kill the kobold!
A nearby plant withers and dies.
You hit the gnoll.
The gnoll is lightly wounded.
You block the gnoll's attack. The gnoll barely misses you.
The frilled lizard bites you.
You barely miss the gnoll.
The gnoll is lightly wounded.
The gnoll barely misses you.
The gnoll hits you from afar with a +3 halberd.
The frilled lizard bites you.
You barely miss the gnoll.
The gnoll is lightly wounded.
The gnoll hits you with a +0 club. The frilled lizard barely misses you.
The gnoll hits you from afar with a +3 halberd!
Ouch! That really hurt!
You die...

. ,, ,P. , ♣ ♣♣
♣♣♣.
...♣♣♣♣P♣.♣♣.♣.♣
.~...♣.♣P♣PP...♣
, ....♣...♣..[♣
*,
~~♣~♣........♣
♣~....gJ♣.♣ , *
* * §§..♣..♣gl♣*
, , * §
,♣.g.♣@♣♣* ,* ,
, ..g♣.♣♣♣ * * *
, ♣.♣P♣P * .P*.
♣., * * J . ♣♣
,* , * ..* * * *
* * * , , *, , *


You could see 2 gnolls, an endoplasm and a frilled lizard.

Vanquished Creatures
  A gnoll (D:2)
  A bat (D:1)
  2 goblins (D:1)
  A quokka (D:1)
  A kobold (D:2)
  A rat (D:1)
7 creatures vanquished.

Vanquished Creatures (others)
  2 plants (D:2)
2 creatures vanquished.

Grand Total: 9 creatures vanquished

Notes
Turn   | Place    | Note
-------+----------+-------------------------------------------
     0 | D:1      | tilp the Meteoran Fighter began the quest for the Orb.
     0 | D:1      | Reached XP level 1. HP: 19/19 MP: 2/2
    38 | D:1      | Reached XP level 2. HP: 26/26 MP: 3/3
    60 | D:2      | Reached skill level 1 in Dodging
    63 | D:2      | Slain by a gnoll

Illustrated notes

Levels and vault maps discovered:
D:1:      dpeg_arrival_boxorama, layout_basic, serial_shops, shop_statue,
          nicolae_shop_window_shopping, minmay_ruptured
D:2:      wad_woods_pond, layout_basic, uniq_terence

Skill      XL: |  1  2 |
---------------+-------+-----
Dodging        | 1 |  1.0
Fighting       | |  3.3
Long Blades    | |  2.7
Armour         | |  3.7
Stealth        | |  0.6
Shields        | |  3.7

Action                     || total
---------------------------++-------
  Melee: Long sword        ||    22
 Armour: Scale mail        ||    18
  Dodge: Dodged            ||     9
  Block: Buckler           ||     5

Table legend: (Time is in decaauts)
 A = Elapsed time spent in this place.
 B = Non-inter-level travel time spent in this place.
 C = Inter-level travel time spent in this place.
 D = Time resting spent in this place.
 E = Time spent auto-exploring this place.
 F = Levels seen in this place.
 G = Mean time per level.
                   A        B        C        D        E       F      G
               +--------+--------+--------+--------+--------+-----+--------+
         Total |     69 |     69 |      0 |      0 |      0 |   2 |   34.5 |
       Dungeon |     69 |     69 |      0 |      0 |      0 |   2 |   34.5 |
               +--------+--------+--------+--------+--------+-----+--------+

Top non-repeatable levels by time:
     D:1: 56 daAuts
     D:2: 12 daAuts
